 Dungeon Crawl Stone Soup version 0.31-a0-1074-g0b22e4e0f1 (webtiles) character file.

Game seed: 3929215790682380113

159 Snarg the Vexing (level 5, -1/43 HPs)
             Began as a Deep Elf Hexslinger on Nov 27, 2023.
             Slain by a black bear (6 damage)
             ... on level 4 of the Dungeon.
             The game lasted 00:10:08 (1940 turns).

Snarg the Vexing (Deep Elf Hexslinger)              Turns: 1940, Time: 00:10:09

Health: -1/43      AC: 22    Str:  5    XL:     5   Next: 17%
Magic:  9/9        EV:  2    Int: 18    God:
Gold:   87         SH:  0    Dex: 19    Spells: 2/7 levels left

rFire   . . .        a - +1 sling
rCold   . . .        (no shield)
rNeg    + . .        c - melded +0 robe
rPois   +            e - melded +1 helmet
rElec   .            (cloak currently unavailable)
rCorr   .            (gloves currently unavailable)
SInv    .            (boots currently unavailable)
Will    +....        o - amulet of magic regeneration
Stlth   ++           f - ring of positive energy
HPRegen 0.27/turn    (no ring)
MPRegen 0.51/turn

%: no passive effects
@: tree-form, enlightened
A: stationary, stasis, torment immunity, boosted hp
a: no special abilities


You were on level 4 of the Dungeon.
You were a tree.
You visited 1 branch of the dungeon, and saw 6 of its levels.

You collected 87 gold pieces.

Inventory:

Hand Weapons
 a - a +1 sling (weapon)
 b - a +0 dagger of speed
 l - a +0 short sword
 p - a +0 dagger
Missiles
 d - 13 stones
Armour
 c - a +0 robe (melded)
 e - a +1 helmet (melded)
 m - a +0 leather armour
Jewellery
 f - a ring of positive energy (left branch)
 o - an amulet of magic regeneration (around neck)
Scrolls
 g - a scroll of poison
 n - a scroll of teleportation
Potions
 i - a potion of attraction
 j - a potion of resistance
 r - a potion of experience {unknown}


   Skills:
 - Level 1.3 Fighting
 + Level 5.2 Ranged Weapons
 * Level 2.8 Dodging
 * Level 0.4 Stealth
 + Level 1.6 Spellcasting
 + Level 5.6 Hexes
 + Level 1.1 Fire Magic


You had 2 spell levels left.
You knew the following spells:

 Your Spells              Type           Power      Damage    Failure   Level
a - Jinxbite              Hex            42%        N/A       2%          2
b - Sigil of Binding      Hex            21%        N/A       5%          3

Your spell library contained the following spells:

 Spells                   Type           Power      Damage    Failure   Level
 Summon Small Mammal      Summ           4%         N/A       19%         1
 Blink                    Tloc           2%         N/A       28%         2
 Inner Flame              Hex/Fire       13%        N/A       14%         3
 Summon Guardian Golem    Hex/Summ       11%        N/A       19%         3
 Cause Fear               Hex            10%        N/A       19%         4
 Call Canine Familiar     Summ           1%         N/A       50%         3
 Dimensional Bullseye     Hex/Tloc       5%         N/A       52%         4
 Manifold Assault         Tloc           1%         N/A       88%         4


Dungeon Overview and Level Annotations

Branches:
Dungeon (6/15)
 Temple: D:4-7

Altars:
Uskayaw

Annotations:
D:1 clr
D:2 1 runed translucent door, Crazy Yiuf
D:6 Prince Ribbit


Message History

There is a stone staircase leading up here.
Unknown command.
Unknown command.
Your binding sigils disappear.
The adder closely misses you.
The water moccasin zombie bites you but does no damage.
The adder completely misses you. The black bear bites you.
The black bear claws you. x2
* * * LOW HITPOINT WARNING * * *
The adder bites you.
* * * LOW HITPOINT WARNING * * *
The water moccasin zombie bites you but does no damage.
The adder bites you.
* * * LOW HITPOINT WARNING * * *
You are lethally poisoned!
The adder poisons you!
You climb upwards.
* * * LOW HITPOINT WARNING * * *
You feel sick.
There is a stone staircase leading down here.
Unknown command.
Unknown command.
Unknown command.
Unknown command.
It was a potion of lignification.
You turn into a tree.
Your +1 helmet melds into your body.
Your +0 robe melds into your body.
Your roots penetrate the ground.
* * * LOW HITPOINT WARNING * * *
You feel sick.
The black bear bites you but does no damage.
The black bear claws you but does no damage. x2
The adder barely misses you. x2
It was a potion of curing.
You feel better. The black bear barely misses you. The black bear claws you.
* * * LOW HITPOINT WARNING * * *
The black bear claws you but does no damage.
The adder bites you but does no damage. x2
It was a potion of enlightenment.
Your roots keep you in place.
The adder bites you but does no damage. x2; The black bear bites you.
You die...

..#. ... #..
#.. #.# . #.##
... ###..#.....
#.h♣.......
.......SS##....
....##...# .
#.. ..... .
.#####+ .. #.
..


You could see a black bear and 2 adders.

Vanquished Creatures
  A hound zombie (D:5)
  4 gnolls (D:3)
  5 adders
  2 worms (D:2)
  3 dart slugs
  7 ball pythons
  6 bats
  2 endoplasms (D:1)
  A giant cockroach (D:1)
  3 hobgoblins (D:1)
  6 kobolds
  3 quokkas (D:1)
  3 frilled lizards
  6 goblins
  3 rats
55 creatures vanquished.

Notes
Turn   | Place    | Note
-------+----------+-------------------------------------------
     0 | D:1      | Snarg the Deep Elf Hexslinger began the quest for the Orb.
     0 | D:1      | Reached XP level 1. HP: 11/11 MP: 5/5
   109 | D:1      | Reached XP level 2. HP: 16/16 MP: 6/6
   112 | D:1      | Learned a level 2 spell: Jinxbite
   731 | D:1      | Reached XP level 3. HP: 20/20 MP: 4/7
   916 | D:2      | Found a runed translucent door.
  1044 | D:2      | Reached skill level 1 in Fighting
  1145 | D:2      | Found a hide-covered altar of Uskayaw.
  1194 | D:2      | Reached skill level 5 in Hexes
  1198 | D:2      | Learned a level 3 spell: Sigil of Binding
  1325 | D:2      | Reached XP level 4. HP: 25/25 MP: 5/8
  1450 | D:2      | Found a faded altar of an unknown god.
  1701 | D:2      | Noticed Crazy Yiuf
  1750 | D:3      | Reached skill level 5 in Ranged Weapons
  1798 | D:3      | You fall into a shaft and drop 3 floors!
  1851 | D:5      | Entered Level 5 of the Dungeon
  1862 | D:6      | Noticed Prince Ribbit
  1884 | D:5      | Reached XP level 5. HP: 29/29 MP: 7/9
  1901 | D:5      | Noticed a phantom
  1901 | D:5      | Noticed a phantom
  1919 | D:5      | Noticed a phantom
  1921 | D:5      | Noticed a black bear
  1938 | D:4      | HP: 2/43 [poisoned by an adder]
  1940 | D:4      | Slain by a black bear

Illustrated notes

Levels and vault maps discovered:
D:1:      orjb1_lava_funnel, layout_loops_ring, serial_bayou_pond_c,
          dreamdust_mushroom_princess, minmay_misc_feat_more_columns,
          bh_walls_and_bars
D:2:      layout_rooms, basic_altar, hellmonk_ecumenical_altar_lost_god,
          nicolae_half_adder, uniq_crazy_yiuf_cottage
D:3:      layout_rooms, grunt_dithmenos_smoke_and_mirrors, slow_altar_2,
          ebering_ghost_gozag
D:4:      corexii_shantytown, layout_cave_pools, uniq_eustachio,
          uniq_blork_the_orc
D:5:      layout_rooms, serial_undead, serial_undead_b, serial_undead_a,
          serial_undead_d, serial_undead_c, serial_undead_e, serial_undead_a,
          kennysheep_generic_room_14
D:6:      layout_rooms, nicolae_kite_square_tiling_tiny,
          hangedman_decor_diamond_cutter, kennysheep_generic_room_16,
          uniq_prince_ribbit1

Skill      XL: |  1  2  3  4 |
---------------+-------------+-----
Ranged Weapons | 3 4 5 |  5.2
Fighting       | 1 |  1.3
Hexes          | 5 |  5.6
Dodging        | |  2.8
Stealth        | |  0.4
Spellcasting   | |  1.6
Fire Magic     | |  1.1

Action                     |  1- 3 |  4- 6 || total
---------------------------+-------+-------++-------
   Fire: Sling             |    93 |    40 ||   133
   Cast: Jinxbite          |    14 |    10 ||    24
         Sigil of Binding  |       |     3 ||     3
    Use: Scroll            |       |     8 ||     8
         Potion            |       |     3 ||     3
 Armour: Robe              |    13 |    22 ||    35
         Skin              |       |    10 ||    10
  Dodge: Dodged            |    14 |    29 ||    43

Table legend: (Time is in decaauts)
 A = Elapsed time spent in this place.
 B = Non-inter-level travel time spent in this place.
 C = Inter-level travel time spent in this place.
 D = Time resting spent in this place.
 E = Time spent auto-exploring this place.
 F = Levels seen in this place.
 G = Mean time per level.
                   A        B        C        D        E       F      G
               +--------+--------+--------+--------+--------+-----+--------+
         Total |   1963 |   1773 |    190 |     34 |   1292 |   6 |  327.2 |
       Dungeon |   1963 |   1773 |    190 |     34 |   1292 |   6 |  327.2 |
               +--------+--------+--------+--------+--------+-----+--------+

Top non-repeatable levels by time:
     D:1: 912 daAuts
     D:2: 846 daAuts
     D:5: 71 daAuts
     D:6: 67 daAuts
     D:3: 62 daAuts
     D:4: 2 daAuts
